 Dungeon Crawl Stone Soup version 0.28-a0-1447-ga5a8893891 (webtiles) character file.

Game seed: 7738148931247310956

305 RepHenryClay the Poker (level 6, 0/44 HPs)
             Began as a Merfolk Gladiator on Jan 11, 2022.
             Succumbed to a scorpion's poison
             ... on level 3 of the Dungeon.
             The game lasted 00:03:33 (2648 turns).

RepHenryClay the Poker (Merfolk Gladiator)          Turns: 2648, Time: 00:03:34

Health: 0/44       AC:  4    Str: 11 (14) XL:     6   Next: 39%
Magic:  6/6        EV: 14    Int:  6 (8)  God:
Gold:   195        SH:  0    Dex: 14 (17) Spells: 5/5 levels left

rFire   . . .      SeeInvis .   a - +0 trident
rCold   . . .      Faith    .   (no shield)
rNeg    . . .      Spirit   .   b - +0 leather armour
rPois   +          Reflect  .   c - +0 helmet
rElec   .          Harm     .   (no cloak)
rCorr   .          Rampage  .   (no gloves)
Will    .....                   (no boots)
Stlth   +.........              (no amulet)
HPRegen 0.14/turn               (no ring)
MPRegen 0.10/turn               (no ring)

@: brilliant, lethally poisoned (0 -> -5)
A: (nimble swimmer 2), mertail, mutation resistance 1, poison resistance
a: no special abilities


You were on level 3 of the Dungeon.
You visited 1 branch of the dungeon, and saw 3 of its levels.

You collected 195 gold pieces.

Inventory:

Hand Weapons
 a - a +0 trident (weapon)
Missiles
 d - 5 throwing nets (quivered)
Armour
 b - a +0 leather armour (worn)
 c - a +0 helmet (worn)
Wands
 g - a wand of polymorph (4)
 j - a wand of paralysis (7)
Scrolls
 e - a scroll of identify {unknown}
 i - a scroll of enchant weapon {unknown}
 l - 2 scrolls of amnesia {unknown}
Potions
 f - a potion of mutation


   Skills:
 - Level 2.1 Fighting
 + Level 7.7 Polearms
 - Level 2.0 Throwing
 + Level 7.1 Dodging


You had 5 spell levels left.
You didn't know any spells.
Your spell library was empty.

Dungeon Overview and Level Annotations

Branches:
Dungeon (3/15)

Altars:
Ashenzari


Innate Abilities, Weirdness & Mutations

((You are very nimble when in or above water. (Stealth+, EV+, Speed+++)))
Your lower body shifts to a powerful aquatic tail in water.
You are somewhat resistant to further mutation.
Your system is resistant to poisons. (rPois)


Message History

You feel sick.
The scorpion stings you but does no damage.
The scorpion stings you.
Damage: -4%(-2hp) hp: 62%(27hp)
You barely miss the scorpion.
The scorpion is heavily wounded.
You feel sick. The scorpion closely misses you.
Damage: -5%(-2hp) hp: 57%(25hp)
You barely miss the scorpion.
The scorpion is heavily wounded.
The scorpion closely misses you.
You hit the scorpion but do no damage.
The scorpion is heavily wounded.
You feel sick. The scorpion completely misses you.
Damage: -2%(-1hp) hp: 55%(24hp)
You hit the scorpion.
The scorpion is almost dead.
You feel sick. The scorpion stings you.
You are more poisoned.
The scorpion poisons you!
Huge Dmg: -14%(-6hp) hp: 41%(18hp) It was a potion of mutation.
You feel extremely strange.
You feel resistant to poisons.
You feel genetically stable.
You feel very sick. The scorpion closely misses you.
Damage: -4%(-2hp) hp: 37%(16hp) It was a potion of degeneration.
There was something very wrong with that liquid.
You feel weakened.
You feel dopey.
You feel clumsy.
You feel sick. The scorpion stings you.
* * * LOW HITPOINT WARNING * * *
Huge Dmg: -12%(-5hp) hp: 25%(11hp) It was a potion of brilliance.
You feel clever all of a sudden.
You feel sick. The scorpion barely misses you. The scorpion stings you!
* * * LOW HITPOINT WARNING * * *
Huge Dmg: -22%(-10hp) hp: 3%(1hp)
You completely miss the scorpion.
The scorpion is almost dead.
You die...

.# ###.......# .#
#8.........8# .#
##.....⌠.....# .#
##.....###.....#
##.....## #.....#
#8....8# 8....8
##...#########...#
#.......#........
##......#@s..#
##.####'##### #.#
#.# +.# #.# ###
#)+ ###


You could see a scorpion.

Vanquished Creatures
  Grinder (D:3)
  Robin (D:2)
  5 adders
  A worm (D:2)
  A dart slug (D:2)
  6 bats
  3 endoplasms
  17 goblins
  7 hobgoblins
  4 jackals (D:2)
  A quokka (D:1)
  4 ball pythons
  2 frilled lizards
  4 kobolds
  A rat (D:3)
58 creatures vanquished.

Notes
Turn   | Place    | Note
-------+----------+-------------------------------------------
     0 | D:1      | RepHenryClay the Merfolk Gladiator began the quest for the
                  | Orb.
     0 | D:1      | Reached XP level 1. HP: 16/16 MP: 1/1
   349 | D:1      | Reached XP level 2. HP: 22/22 MP: 2/2
   543 | D:1      | Reached skill level 5 in Polearms
   543 | D:1      | Found a faded altar of an unknown god.
   555 | D:1      | Found a faded altar of an unknown god.
  1297 | D:2      | Reached XP level 3. HP: 23/27 MP: 3/3
  1376 | D:2      | Reached skill level 5 in Dodging
  1514 | D:2      | Reached XP level 4. HP: 29/33 MP: 4/4
  1657 | D:2      | Found a broken altar of Ashenzari.
  2078 | D:3      | Noticed Robin
  2118 | D:2      | Killed Robin
  2463 | D:3      | Noticed Grinder
  2565 | D:3      | Killed Grinder
  2566 | D:3      | Reached XP level 5. HP: 38/38 MP: 5/5
  2566 | D:3      | Reached XP level 6. HP: 44/44 MP: 6/6
  2645 | D:3      | Gained mutation: Your system is resistant to poisons.
                  | (rPois) [potion of mutation]
  2645 | D:3      | Gained mutation: You are somewhat resistant to further
                  | mutation. [potion of mutation]
  2647 | D:3      | HP: 1/44 [scorpion (8)]
  2648 | D:3      | Succumbed to a scorpion's poison

Illustrated notes

Levels and vault maps discovered:
D:1:      dpeg_arrival_lava_temple_mockup, layout_loops_corners,
          hellmonk_ecumenical_altar_the_god_not_taken
D:2:      layout_rooms, basic_altar
D:3:      layout_basic, serial_corexii_hall, chequers_hall_statues_y,
          corexii_hall_statues_l, item_on_display_a, uniq_grinder, uniq_robin

Skill      XL: |  1  2  3  4 |
---------------+-------------+-----
Polearms       | 5 7 |  7.7
Dodging        | 5 7 |  7.1
Fighting       | |  2.1
Throwing       | |  2.0

Action                   |  1- 3 |  4- 6 || total
-------------------------+-------+-------++-------
Melee: Trident           |    78 |    99 ||   177
       Punch             |       |     3 ||     3
       Unarmed           |       |     1 ||     1
Evoke: Wand              |       |     3 ||     3
  Use: Potion            |       |     4 ||     4
 Stab: Sleeping          |     2 |       ||     2
       Paralysed         |       |    11 ||    11
Armor: Leather armour    |    13 |    12 ||    25
       Skin              |       |     4 ||     4
Dodge: Dodged            |    56 |    33 ||    89

Table legend: (Time is in decaauts)
 A = Elapsed time spent in this place.
 B = Non-inter-level travel time spent in this place.
 C = Inter-level travel time spent in this place.
 D = Time resting spent in this place.
 E = Time spent auto-exploring this place.
 F = Levels seen in this place.
 G = Mean time per level.
                   A        B        C        D        E       F      G
               +--------+--------+--------+--------+--------+-----+--------+
         Total |   2651 |   2581 |     70 |    317 |   1863 |   3 |  883.7 |
       Dungeon |   2651 |   2581 |     70 |    317 |   1863 |   3 |  883.7 |
               +--------+--------+--------+--------+--------+-----+--------+

Top non-repeatable levels by time:
     D:1: 1165 daAuts
     D:2: 984 daAuts
     D:3: 501 daAuts
